 Dungeon Crawl Stone Soup version 0.31-a0-193-gdfe2569204 (webtiles) character file.

Game seed: 10149888219633719631

77 qw the Shooter (level 4, 0/25 HPs)
             Began as a Deep Elf Hunter on June 23, 2023.
             Slain by an orc
             ... wielding a +0 dagger
              (1 damage)
             ... on level 3 of the Dungeon.
             The game lasted 00:00:32 (1745 turns).

qw the Shooter (Deep Elf Hunter)                    Turns: 1745, Time: 00:00:32

Health: 0/25       AC:  4    Str: 10    XL:     4   Next: 13%
Magic:  6/6        EV: 12    Int: 14    God:
Gold:   74         SH:  0    Dex: 18    Spells: 3/3 levels left

rFire   . . .        Y - +1 shortbow
rCold   . . .        (shield currently unavailable)
rNeg    . . .        c - +0 leather armour
rPois   .            (no helmet)
rElec   .            l - +0 cloak
rCorr   .            (no gloves)
SInv    .            (no boots)
Will    .....        (no amulet)
Stlth   ++           (no ring)
HPRegen 0.24/turn    (no ring)
MPRegen 0.10/turn

%: no passive effects
@: no status effects
A: no striking features
a: no special abilities


You were on level 3 of the Dungeon.
You visited 1 branch of the dungeon, and saw 3 of its levels.

You collected 128 gold pieces.
You spent 54 gold pieces at shops.


   Skills:
 - Level 1.5 Fighting
 + Level 7.5 Ranged Weapons
 - Level 2.4 Dodging
 - Level 1.2 Stealth


You had 3 spell levels left.
You didn't know any spells.
Your spell library was empty.

Inventory:

Hand Weapons
 Y - a +1 shortbow (weapon)
Armour
 c - a +0 leather armour (worn)
 l - a +0 cloak (worn)
Jewellery
 b - a ring of protection from cold
Scrolls
 a - a scroll of identify
Potions
 e - a potion of curing {unknown}
 f - a potion of invisibility {unknown}
 h - 2 potions of haste
 i - a potion of cancellation {unknown}
 j - a potion of lignification {unknown}

Dungeon Overview and Level Annotations

Branches:
Dungeon (3/15)

Altars:

Shops:
D:1 ([


Message History

The orc wizard is severely wounded.
The orc wizard gestures at you while chanting.
The magic dart hits you.
You shoot an arrow. The arrow hits the orc wizard.
The orc wizard is almost dead.
The orc wizard hits you but does no damage.
You shoot an arrow. The arrow misses the orc wizard.
The arrow closely misses the orc.
The orc wizard hits you with a +0 dagger.
You shoot an arrow.
The arrow closely misses the orc wizard.
The arrow hits the orc.
The orc is severely wounded.
1739 ||| Stepping ~*~*~tactically~*~*~ (outnumbered).
The orc attacks as you move away! The orc misses you.
The orc wizard attacks as you move away!
The orc wizard hits you with a +0 dagger.
You shoot an arrow. The arrow hits the orc wizard.
The orc wizard is almost dead.
The orc wizard closely misses you.
You shoot an arrow. The arrow hits the orc wizard.
You kill the orc wizard!
The orc barely misses you.
You have reached level 4!
You feel clever.
You shoot an arrow. The arrow hits the orc.
You kill the orc!
You shoot an arrow. The arrow hits the orc priest.
The orc priest is moderately wounded.
The orc hits you with a +0 flail. The orc priest misses you.
You shoot an arrow. The arrow hits the orc priest!
The orc priest is severely wounded.
The orc hits you with a +0 flail!
The orc priest hits you with a +0 falchion.
You shoot an arrow.
The arrow hits the orc priest but does no damage.
The orc priest is severely wounded.
The orc hits you with a +0 flail.
The orc priest hits you with a +0 falchion.
The orc hits you with a +0 dagger.
You die...

#<.##.... ##.#..#
#...### ##.#
#.#...### ...
...###...## ..#
#..## ###..# ..#
##.#######.# ..# #
#.......#.####..#)##
## #....)@o.....#
###...oo..#..#
#####%#.# ....#
o.#..# #.# #... #.
...# .. #..# .. ...


You could see an orc priest and 2 orcs.

Vanquished Creatures
  An orc wizard (D:3)
  An adder (D:2)
  A worm (D:2)
  2 dart slugs (D:2)
  An orc (D:3)
  5 endoplasms
  A giant cockroach (D:2)
  3 goblins
  4 hobgoblins
  4 jackals (D:1)
  A quokka (D:2)
  2 ball pythons (D:1)
  3 frilled lizards
  A kobold (D:1)
  4 rats
34 creatures vanquished.

Notes
Turn   | Place    | Note
-------+----------+-------------------------------------------
     0 | D:1      | qw the Deep Elf Hunter began the quest for the Orb.
     0 | D:1      | Reached XP level 1. HP: 12/12 MP: 3/3
     0 | D:1      | 0 ||| qw: Version: 0.3-a-9-g12657ce
     0 | D:1      | 0 ||| qw: Game counter: 4628
     0 | D:1      | 0 ||| qw: Always use a shield: true
     0 | D:1      | 0 ||| qw: God list: Okawaru
     0 | D:1      | 0 ||| qw: Allow faded altars: false
     0 | D:1      | 0 ||| qw: Do Orc after D:15 true
     0 | D:1      | 0 ||| qw: Do second Lair branch before Depths: true
     0 | D:1      | 0 ||| qw: Lair rune preference: random
     0 | D:1      | 0 ||| qw: Plans: Normal
     0 | D:1      | 0 ||| PLANNING D:1-11
     9 | D:1      | Found Tiequs's Weapon Shoppe.
    82 | D:1      | Reached skill level 6 in Ranged Weapons
    82 | D:1      | Reached XP level 2. HP: 11/16 MP: 4/4
   519 | D:1      | Found Hiotsoani's Armour Boutique.
   525 | D:1      | 525 ||| BUYING +0 cloak (54 gold).
   525 | D:1      | Bought a +0 cloak for 54 gold pieces
   525 | D:1      | 525 ||| SHOPLISTING +0 helmet (54 gold, have 17).
   525 | D:1      | 525 ||| SHOPLISTING +0 pair of gloves (54 gold, have 17).
   525 | D:1      | 525 ||| SHOPLISTING +0 ring mail (48 gold, have 17).
   525 | D:1      | 525 ||| SHOPLISTING +1 Delatra's gloves {ID++} (120 gold,
                  | have 17).
   525 | D:1      | 525 ||| SHOPLISTING +2 leather armour of poison resistance
                  | (192 gold, have 17).
   525 | D:1      | 525 ||| SHOPLISTING +2 ring mail of poison resistance (216
                  | gold, have 17).
   583 | D:1      | 583 ||| UPGRADING to +0 cloak.
   588 | D:1      | 588 ||| DROPPING ring of wizardry.
   589 | D:1      | 589 ||| READING 2 scrolls labelled IRERYO PEULAL.
   590 | D:1      | 590 ||| READING scroll labelled ANOLEGH LIETO.
   591 | D:1      | 591 ||| DRINKING 2 sedimented coppery potions.
   592 | D:1      | 592 ||| DROPPING scroll of butterflies.
   650 | D:2      | Reached XP level 3. HP: 8/20 MP: 5/5
   800 | D:2      | 800 ||| FLEEEEING.
  1145 | D:2      | Reached skill level 7 in Ranged Weapons
  1577 | D:2      | 1577 ||| READING scroll labelled OCISYI RALIPUV.
  1582 | D:2      | 1582 ||| READING scroll labelled XADDUNNO FOEGAI.
  1583 | D:2      | 1583 ||| READING scroll labelled MIENLECV MEACH.
  1584 | D:2      | 1584 ||| DRINKING 2 fuming ruby potions.
  1688 | D:2      | 1688 ||| DRINKING 2 bubbling yellow potions.
  1693 | D:2      | 1693 ||| DROPPING potion of berserk rage.
  1694 | D:2      | 1694 ||| DROPPING potion of ambrosia.
  1733 | D:3      | 1733 ||| Stepping ~*~*~tactically~*~*~ (outnumbered).
  1739 | D:3      | 1739 ||| Stepping ~*~*~tactically~*~*~ (outnumbered).
  1742 | D:3      | Reached XP level 4. HP: 21/25 MP: 6/6
  1745 | D:3      | HP: 3/25 [orc/+0 flail (4)]
  1745 | D:3      | HP: 1/25 [orc priest/+0 falchion (2)]
  1745 | D:3      | Slain by an orc

Levels and vault maps discovered:
D:1:      beargit_arrival_greenhouse, layout_loops_ring, serial_shops,
          nicolae_shop_peninsula, nicolae_shop_stone,
          minmay_misc_feat_more_columns
D:2:      layout_loops_corners, minmay_split_cup_small
D:3:      layout_rooms, serial_shops, nicolae_shop_hallway_plus, serial_forest,
          infiniplex_forest_side_room, infiniplex_forest_lined_3_way,
          infiniplex_forest_clump_diagonal, infiniplex_forest_end_1,
          corexii_corridor_pit, corexii_corridor_pit

Skill      XL: |  1  2  3 |
---------------+----------+-----
Ranged Weapons | 6 7 |  7.5
Fighting       | |  1.5
Dodging        | |  2.4
Stealth        | |  1.2

Action                     |  1- 3 |  4- 6 || total
---------------------------+-------+-------++-------
   Fire: Shortbow          |    87 |     4 ||    91
    Use: Scroll            |     5 |       ||     5
         Potion            |     3 |       ||     3
 Armour: Leather armour    |    13 |       ||    13
  Dodge: Dodged            |    24 |     1 ||    25

Table legend:
 A = Non-vault XP
 B = Vault XP
 C = Vault XP percentage of total XP
 D = Non-vault monster count
 E = Vault monster count
 F = Vault count percentage of total count
                 A         B        C        D         E       F
            +---------+---------+-------+---------+---------+-------
      Total |     106 |       4 |   3.6 |      31 |       3 |   8.8
            +---------+---------+-------+---------+---------+-------
        D:1 |      29 |       0 |   0.0 |      18 |       0 |   0.0
        D:2 |      37 |       4 |   9.8 |      10 |       3 |  23.1
        D:3 |      40 |       0 |   0.0 |       3 |       0 |   0.0
            +---------+---------+-------+---------+---------+-------
